 Dungeon Crawl Stone Soup version 0.29.1-13-g9f3cf754e1 (webtiles) character file.

Game seed: 15656925297371141996

32 Hubris850 the Trooper (level 3, 0/33 HPs)
             Began as a Hill Orc Abyssal Knight on Jan 24, 2023.
             Was a Believer of Lugonu.
             Slain by a worm (7 damage)
             ... on level 2 of the Dungeon.
             The game lasted 00:02:52 (1325 turns).

Hubris850 the Trooper (Hill Orc Abyssal Knight)     Turns: 1325, Time: 00:02:52

Health: 0/33       AC:  4    Str: 17    XL:     3   Next: 25%
Magic:  5/5        EV: 11    Int: 10    God:    Lugonu [**....]
Gold:   125        SH:  0    Dex: 11    Spells: 2/2 levels left

rFire   . . .      SeeInvis .   a - +1 hand axe
rCold   . . .      Faith    .   (no shield)
rNeg    . . .      Spirit   .   b - +0 leather armour
rPois   .          Reflect  .   (no helmet)
rElec   .          Harm     .   (no cloak)
rCorr   .          Rampage  .   h - +0 pair of gloves
Will    .....                   (no boots)
Stlth   +.........              (no amulet)
HPRegen 0.11/turn               (no ring)
MPRegen 0.09/turn               (no ring)

@: no status effects
A: no striking features
a: Renounce Religion, Depart the Abyss, Bend Space


You were on level 2 of the Dungeon.
You worshipped Lugonu.
Lugonu was pleased with you.
You visited 1 branch of the dungeon, and saw 2 of its levels.
You visited the Abyss 1 time.

You collected 125 gold pieces.

Inventory:

Hand Weapons
 a - a +1 hand axe (weapon)
 e - a +0 lajatang
Armour
 b - a +0 leather armour (worn)
 h - a +0 pair of gloves (worn)
Scrolls
 d - 2 scrolls of blinking {unknown}
 f - a scroll of summoning {unknown}
 g - 3 scrolls of identify {unknown}
Potions
 c - 4 potions of curing {unknown}
 i - a potion of haste {unknown}
 j - a potion of heal wounds {unknown}


   Skills:
 - Level 4.0 Fighting
 + Level 3.2 Axes
 + Level 2.6 Armour
 + Level 1.2 Dodging
 + Level 3.0 Invocations


You had 2 spell levels left.
You didn't know any spells.
Your spell library contained the following spells:

 Spells                   Type           Power      Damage    Failure   Level
 Conjure Ball Lightning   Conj/Air       0%         3x3d6     100%        6
 Discord                  Hex            0%         N/A       100%        8
 Disjunction              Tloc           0%         N/A       100%        8


Dungeon Overview and Level Annotations

Branches:
Dungeon (2/15)

Altars:


Message History

The kobold shouts!
Found a dagger.
You hit the kobold.
The kobold is moderately wounded.
The kobold hits you with a +0 whip.
You hit the kobold.
You kill the kobold!
Lugonu accepts your kill.
No target in view!
No target in view!
Setting a skill training target for Axes at 14.0.
A worm comes into view.
You see here a +0 whip.
You hit the worm.
The worm is lightly wounded.
The worm barely misses you.
You barely miss the worm.
The worm is lightly wounded.
You hit the worm.
The worm is heavily wounded.
The worm bites you!
You hit the worm.
The worm is heavily wounded.
The worm bites you!
You are too injured to fight recklessly!
You are too injured to fight recklessly!
You are too injured to fight recklessly!
You are too injured to fight recklessly!
You hit the worm.
The worm is heavily wounded.
You hit the worm.
The worm is severely wounded.
The worm bites you!
* * * LOW HITPOINT WARNING * * *
You hit the worm.
The worm is severely wounded.
You barely miss the worm.
The worm is severely wounded.
The worm bites you!
You die...

#.#######
#.....).#######
.......w)...... #@#
.# #)# .<# #.#
######.
#..##.#######......
#.................#
###..###.....###..#
##..##.....# #..#
##.†#.....# #..#
#.#####.# #..#


You could see a worm.

Vanquished Creatures
  A worm (D:2)
  2 bats (D:1)
  2 endoplasms (D:1)
  5 giant cockroaches (D:1)
  4 goblins (D:1)
  A hobgoblin (D:1)
  4 ball pythons (D:1)
  3 frilled lizards (D:1)
  2 kobolds
  3 rats (D:1)
27 creatures vanquished.

Notes
Turn   | Place    | Note
-------+----------+-------------------------------------------
     0 | Abyss:1  | Hubris850 the Hill Orc Abyssal Knight began the quest for
                  | the Orb.
     0 | Abyss:1  | Reached XP level 1. HP: 19/19 MP: 2/2
     2 | Abyss:1  | Found a corrupted altar of Lugonu.
    25 | D:1      | Escaped the Abyss
   311 | D:1      | Reached skill level 1 in Dodging
   311 | D:1      | Reached XP level 2. HP: 22/27 MP: 3/3
   879 | D:1      | Reached XP level 3. HP: 30/33 MP: 5/5
  1198 | D:2      | Reached skill level 4 in Fighting
  1325 | D:2      | Slain by a worm

Illustrated notes

Levels and vault maps discovered:
D:1:      lightli_arrival_chessboard, layout_loops_ring,
          minmay_misc_feat_rugged, minmay_split_cup_large
D:2:      layout_basic, uniq_crazy_yiuf_cottage

Skill      XL: |  1  2  3 |
---------------+----------+-----
Dodging        | 1 |  1.2
Axes           | 3 |  3.2
Fighting       | 4 |  4.0
Invocations    | 3 |  3.0
Armour         | |  2.6

Action                   || total
-------------------------++-------
Melee: Hand axe          ||    74
       Lajatang          ||     4
Armor: Leather armour    ||    28
Dodge: Dodged            ||    48
